 Dungeon Crawl Stone Soup version 0.22.1-2-g9c5b331 (webtiles) character file.

130 Mgcat the Grave Robber (level 4, -9/32 HPs)
             Began as a Mummy Necromancer on Dec 27, 2018.
             Mangled by a gnoll
             ... wielding a +1 flail of holy wrath
              (10 damage)
             ... on level 3 of the Dungeon.
             The game lasted 00:09:33 (3200 turns).

Mgcat the Grave Robber (Mummy Necromancer)          Turns: 3200, Time: 00:09:34

Health: -9/32      AC:  8    Str: 11    XL:     4   Next: 89%
Magic:  7/10       EV:  5    Int: 15    God:
Gold:   138        SH:  0    Dex: 10    Spells: 2/11 levels left

rFire    x . .     SeeInvis .   e - +0 dagger
rCold    + . .     Gourm    .   (no shield)
rNeg     + + +     Faith    .   d - +0 ring mail
rPois    ∞         Spirit   .   k - +2 helmet
rElec    .         Reflect  .   (no cloak)
rCorr    .         Harm     .   (no gloves)
MR       .....                  (no boots)
Stlth    ++........             (no amulet)
HPRegen  0.10/turn              c - ring of stealth {Stlth+}
MPRegen  0.12/turn              o - -2 ring of dexterity (curse)

@: held
A: no food or potions, fire vulnerability, cold resistance 1, negative energy
resistance 3, torment resistance, unbreathing
a: no special abilities


You were on level 3 of the Dungeon.
You were not hungry.

You visited 1 branch of the dungeon, and saw 3 of its levels.

You collected 138 gold pieces.

Inventory:

Hand Weapons
 e - a +0 dagger (weapon)
   (You took it off a goblin on level 1 of the Dungeon)
Missiles
 b - 69 stones (quivered)
 f - 5 curare-tipped needles
 i - 7 tomahawks
Armour
 a - a +0 robe
 d - a +0 ring mail (worn)
   (You found it on level 1 of the Dungeon)
 k - a +2 helmet (worn)
   (You found it on level 2 of the Dungeon)
Jewellery
 c - a ring of stealth (left hand) {Stlth+}
   (You found it on level 1 of the Dungeon)
 j - a +4 ring of dexterity
   (You found it on level 1 of the Dungeon)
 o - a cursed -2 ring of dexterity (right hand)
   (You found it on level 3 of the Dungeon)
Wands
 m - a wand of flame (38)
   (You took it off Robin on level 2 of the Dungeon)
Scrolls
 g - a scroll of fog
 h - 2 scrolls of identify
 n - 2 scrolls of magic mapping {!r}


   Skills:
 + Level 1.2 Fighting
 - Level 1.5 Dodging
 - Level 1.5 Stealth
 + Level 4.0 Spellcasting
 * Level 5.5 Necromancy


You had 2 spell levels left.
You knew the following spells:

 Your Spells              Type           Power        Failure   Level  Hunger
a - Pain                  Necr           ###.         4%          1    N/A
b - Animate Skeleton      Necr           N/A          4%          1    N/A
c - Vampiric Draining     Necr           ###.......   14%         3    N/A
d - Animate Dead          Necr           N/A          41%         4    N/A

Your spell library contained the following spells:

 Spells                   Type           Power        Failure   Level  Hunger
 Regeneration             Chrm/Necr      Unusable     N/A         3    N/A

Dungeon Overview and Level Annotations

Branches:
Dungeon (3/15)

Altars:


Innate Abilities, Weirdness & Mutations

You do not eat or drink.
Your flesh is vulnerable to fire.
You are immune to poison.
Your flesh is cold resistant. (rC+)
You are immune to negative energy. (rN+++)
You are immune to unholy pain and torment.
You can survive without breathing.


Message History

Press: ? - help, Shift-Dir - straight line, f/p - worm
Aim: a worm (lightly wounded, chance to defeat MR: 84%)
The worm barely resists.
Casting: Pain (safe; 4% risk of failure)
Confirm with . or Enter, or press ? or * to list all spells.
Aiming: Pain (safe; 4% risk of failure)
Press: ? - help, Shift-Dir - straight line, f/p - worm
Aim: a worm (lightly wounded, chance to defeat MR: 84%)
The worm writhes in agony!
Casting: Pain (safe; 4% risk of failure)
Confirm with . or Enter, or press ? or * to list all spells.
Aiming: Pain (safe; 4% risk of failure)
Press: ? - help, Shift-Dir - straight line, f/p - worm
Aim: a worm (lightly wounded, chance to defeat MR: 84%)
The worm barely resists.
Casting: Pain (safe; 4% risk of failure)
Confirm with . or Enter, or press ? or * to list all spells.
Aiming: Pain (safe; 4% risk of failure)
Press: ? - help, Shift-Dir - straight line, f/p - worm
Aim: a worm (lightly wounded, chance to defeat MR: 84%)
The worm writhes in agony!
You hit the worm.
The worm is heavily wounded.
Your bat skeleton hits the worm.
Your bat skeleton hits the worm but does no damage.
The worm bites you!
You hit the worm.
The worm is severely wounded.
Your bat skeleton hits the worm.
Your bat skeleton barely misses the worm.
Your bat skeleton hits the worm but does no damage.
Your kobold skeleton barely misses the worm.
You strike the helpless worm from behind!
You puncture the worm!
You kill the worm!
You see here a worm corpse.
Casting: Pain (safe; 4% risk of failure)
Confirm with . or Enter, or press ? or * to list all spells.
There is nothing here that can be animated!
Casting: Animate Skeleton (safe; 4% risk of failure)
Confirm with . or Enter, or press ? or * to list all spells.
There is nothing here that can be animated!
You now have 121 gold pieces (gained 11).
g - a scroll of fog You now have 129 gold pieces (gained 8).
You swap places.
You now have 138 gold pieces (gained 9).
You swap places.
Your bat skeleton crumbles into dust!
You swap places.
You open the door. 2 gnolls come into view.
A gnoll is wielding a flail of holy wrath.
The gnoll shouts! x2; You hear a shout!
A gnoll comes into view. It is wielding a halberd.
The gnoll throws a throwing net.
The throwing net closely misses you.
The throwing net hits your kobold skeleton.
Your kobold skeleton is caught in the net!
You hear a shout!
The gnoll throws a throwing net.
The throwing net hits you.
You become entangled in the net!
You see here a throwing net {=f, !d}.
You struggle against the net.
Your kobold skeleton struggles against the net.
Casting: Animate Skeleton (safe; 4% risk of failure)
Confirm with . or Enter, or press ? or * to list all spells.
Aiming: Pain (safe; 4% risk of failure)
Press: ? - help, Shift-Dir - straight line, f - gnoll
Aim: a gnoll, wielding a flail of holy wrath (chance to defeat MR: 84%)
The gnoll barely resists.
Your kobold skeleton struggles against the net.
Casting: Pain (safe; 4% risk of failure)
Confirm with . or Enter, or press ? or * to list all spells.
Aiming: Pain (safe; 4% risk of failure)
Press: ? - help, Shift-Dir - straight line, f/p - gnoll
Aim: a gnoll, wielding a flail of holy wrath (chance to defeat MR: 84%)
The gnoll writhes in agony!
Your kobold skeleton struggles against the net.
The gnoll hits you with a flail of holy wrath.
You convulse.
The gnoll hits you from afar with a spear!
Casting: Pain (safe; 4% risk of failure)
Confirm with . or Enter, or press ? or * to list all spells.
Aiming: Pain (safe; 4% risk of failure)
Press: ? - help, Shift-Dir - straight line, f/p - gnoll
Aim: a gnoll, wielding a flail of holy wrath (moderately wounded, chance to The gnoll writhes in agony!
Your kobold skeleton struggles against the net.
The gnoll hits you from afar with a spear.
* * * LOW HITPOINT WARNING * * *
Unknown command.
Unknown command.
Okay, then.
Unknown command.
Unknown command.
You struggle against the net.
The gnoll hits you with a flail of holy wrath!
* * * LOW HITPOINT WARNING * * *
You convulse!
You die...

##'#########
#.........#
#.†...)...#
#.........#
#.........#
#.........#
#.........#
##.%.......#
#g##g@........#
#..g.Z..#######
####....#
######


You could see 2 gnolls and a friendly kobold skeleton (caught).

Vanquished Creatures
  Robin (D:2)
  3 adders
  2 oozes (D:2)
  3 worms
  5 leopard geckos
  3 giant cockroaches
  12 goblins
  7 hobgoblins
  4 jackals (D:3)
  4 kobolds
  A quokka (D:2)
  6 bats
  6 rats
57 creatures vanquished.

Vanquished Creatures (collateral kills)
  An ooze (D:1)
  A bat (D:2)
  2 goblins (D:2)
  2 hobgoblins
6 creatures vanquished.

Grand Total: 63 creatures vanquished

Notes
Turn   | Place    | Note
-------+----------+-------------------------------------------
     0 | D:1      | Mgcat the Mummy Necromancer began the quest for the Orb.
     0 | D:1      | Reached XP level 1. HP: 13/13 MP: 4/4
   274 | D:1      | Learned a level 1 spell: Animate Skeleton
   338 | D:1      | Reached XP level 2. HP: 18/19 MP: 3/5
   383 | D:1      | Reached skill level 3 in Spellcasting
   935 | D:2      | HP: 2/19 [worm (5)]
  1231 | D:1      | Reached XP level 3. HP: 20/24 MP: 2/7
  1282 | D:1      | Learned a level 3 spell: Vampiric Draining
  1321 | D:2      | Noticed Robin
  1451 | D:2      | Reached skill level 5 in Necromancy
  1867 | D:2      | Reached XP level 4. HP: 30/30 MP: 5/9
  1875 | D:2      | Learned a level 4 spell: Animate Dead
  2164 | D:2      | Killed Robin
  2576 | D:3      | Reached skill level 1 in Fighting
  2652 | D:3      | Reached skill level 4 in Spellcasting
  3199 | D:3      | HP: 8/32 [gnoll/spear (5)]
  3200 | D:3      | HP: 1/32 [gnoll/flail of holy wrath (7)]
  3200 | D:3      | Mangled by a gnoll

Skill      XL: |  1  2  3  4 |
---------------+-------------+-----
Spellcasting   | 3 4 |  4.0
Necromancy     | 5 |  5.5
Fighting       | 1 |  1.2
Dodging        | |  1.5
Stealth        | |  1.5

Action                   |  1- 3 |  4- 6 || total
-------------------------+-------+-------++-------
Melee: Dagger            |     9 |    37 ||    46
Throw: Stone             |     1 |       ||     1
 Cast: Pain              |    85 |    70 ||   155
       Animate Skeleton  |    13 |    11 ||    24
  Use: Scroll            |       |     6 ||     6
 Stab: Distracted        |       |     1 ||     1
Armor: Ring mail         |    27 |    33 ||    60
Dodge: Dodged            |    26 |    40 ||    66

Vault maps used:
D:1:      saegor_arrival_under_anarchy
D:2:      kennysheep_generic_room_4, uniq_robin
D:3:      first_ration

Table legend:
 A = Turns spent in this place as a percentage of turns spent in the entire game.
 B = Non-inter-level travel turns spent in this place as a percentage of non-inter-level travel turns spent in the entire game.
 C = Inter-level travel turns spent in this place as a percentage of turns spent in this place.
 D = Turns resting spent in this place as a percentage of non-inter-level travel turns spent in this place.
 E = Turns spent auto-exploring this place as a percentage of non-inter-level travel turns spent in this place.
 F = Non-inter-level travel turns spent in this place divided by the number of levels of this place that you've seen.
                   A       B       C       D       E      F
               +-------+-------+-------+-------+-------+----------------------
         Total | 100.0 | 100.0 |   7.6 |  18.7 |  55.6 | 985.7
       Dungeon | 100.0 | 100.0 |   7.6 |  18.7 |  55.6 | 985.7
               +-------+-------+-------+-------+-------+----------------------

Table legend:
 A = Kills in this place as a percentage of kills in entire the game.
 B = Kills by you in this place as a percentage of kills by you in the entire game.
 C = Kills by friends in this place as a percentage of kills by friends in the entire game.
 D = Other kills in this place as a percentage of other kills in the entire game.
 E = Experience gained in this place as a percentage of experience gained in the entire game.
 F = Experience gained in this place divided by the number of levels of this place that you have seen.
                   A       B       C       D       E      F
               +-------+-------+-------+-------+-------+----------------------
         Total | 100.0 | 100.0 | 100.0 |   N/A | 100.0 |  62.0
       Dungeon | 100.0 | 100.0 | 100.0 |   N/A | 100.0 |  62.0
               +-------+-------+-------+-------+-------+----------------------
